 Dungeon Crawl Stone Soup version 0.13-a0-2244-g236abbe (webtiles) character file.

867 JacquesDerrida the Spear-Bearer (level 7, -4/61 HPs)
             Began as a Merfolk Gladiator on July 5, 2013.
             Slain by a jelly (5 damage)
             ... on Level 5 of the Dungeon.
             The game lasted 00:14:05 (5069 turns).

JacquesDerrida the Spear-Bearer (Merfolk Gladiator) Turns: 5069, Time: 00:14:05

HP  -4/61        AC  5     Str 15      XL: 7   Next: 57%
MP   6/6         EV 13     Int  9      God:
Gold 202         SH  0     Dex 15      Spells:  0 memorised,  6 levels left

Res.Fire  : . . .   See Invis. : .   a - +1,+0 trident
Res.Cold  : . . .   Warding    : .   y - +0 leather armour
Life Prot.: . . .   Conserve   : .   (no shield)
Res.Poison: +       Res.Corr.  : .   c - +0 helmet
Res.Elec. : .       Clarity    : .   C - +0 cloak
Sust.Abil.: . .     Spirit.Shd : .   (no gloves)
Res.Mut.  : .       Stasis     : .   (no boots)
Res.Rott. : .       Flight     : .   t - amulet of the gourmand
Gourmand  : +                        (no ring)
                                     w - ring of poison resistance

@: slightly resistant to hostile enchantments, unstealthy
A: change form in water, swift swim, deterioration 1, +20% hp
a: no special abilities


You were on level 5 of the Dungeon.
You were very full.

You visited 2 branches of the dungeon, and saw 6 of its levels.

You collected 182 gold pieces.

Inventory:

Hand weapons
 a - a +1,+0 trident (weapon)
 b - a +0 elven blowgun
Missiles
 d - a throwing net (quivered)
 e - a throwing net [torn]
 s - a throwing net [torn]
 z - 32 poisoned needles
Armour
 c - a +0 helmet (worn)
 u - a +0 cloak
 y - a +0 leather armour (worn)
 C - a +0 cloak (worn)
Comestibles
 f - 4 bread rations
 g - a meat ration
 p - 3 chunks of orc flesh
Scrolls
 h - 2 scrolls of magic mapping
 j - 3 scrolls of remove curse
 k - 2 scrolls of recharging {unknown}
 m - a scroll of fog
 o - 3 scrolls of identify
Jewellery
 i - an uncursed amulet of guardian spirit
 n - an uncursed ring of ice
 t - an amulet of the gourmand (around neck)
 w - a ring of poison resistance (left hand)
Potions
 q - a potion of paralysis
 v - a potion of curing
Books
 x - a book of Wizardry

   Spells                             Type                      Level
   Summon Elemental                   Summoning                    4
   Agony                              Necromancy                   5
   Lightning Bolt                     Conjuration/Air              5
   Fireball                           Conjuration/Fire             5
   Haste                              Charms                       6
   Invisibility                       Hexes                        6


   Skills:
 - Level 2.1 Fighting
 + Level 11.8 Polearms
 - Level 2.0 Throwing
 - Level 4.0 Dodging


You had 6 spell levels left.
You didn't know any spells.

Dungeon Overview and Level Annotations

Branches:
Dungeon (5/27)             Temple (1/1) D:5

Altars:
Kikubaaqudgha
Makhleb
Nemelex Xobeh
Sif Muna
Trog
Xom
Yredelemnul
Zin
the Shining One

Annotations
D:3 Pikel


Innate Abilities, Weirdness & Mutations

You revert to your normal form in water.
You are very nimble and swift while swimming.
Your body is slowly deteriorating.
You are very robust (+20% HP).


Message History

* * * LOW HITPOINT WARNING * * *
You barely miss the centaur.
The centaur is heavily wounded.
The centaur hits you.
* * * LOW HITPOINT WARNING * * *
You puncture the centaur!
The centaur is severely wounded.
The centaur hits you!
* * * LOW HITPOINT WARNING * * *
You barely miss the centaur.
The centaur is severely wounded.
The centaur closely misses you. The centaur closely misses you.
The centaur misses you. The centaur closely misses you.
You hit the centaur but do no damage.
The centaur is severely wounded.
The centaur hits you.
* * * LOW HITPOINT WARNING * * *
The jelly hits you.
You die...

.# ...# .....##
.......##
.........##
..........##
...........##
.............##
........@c....##
.........J.....#
........(......#
.......[(......#
.........(.....#
..............#
......(........#
..................#
.................#


You could see a jelly and a centaur.

Vanquished Creatures
  The ghost of DasRunzen the Ruinous, an average DjFE of Vehumet (D:5)
  3 slaves (D:3)
  An ice beast (D:4)
  A crimson imp (Temple)
  3 orc priests
  Crazy Yiuf (D:3)
  An orc wizard (Temple)
  A worker ant (D:5)
  8 adders
  An inept feature mimic (D:4)
  3 giant mites
  2 worms (D:3)
  A bat skeleton (D:4)
  5 giant geckos
  10 orcs
  11 bats
  9 giant cockroaches
  12 goblins
  2 hobgoblins
  2 jackals (D:3)
  A quokka (D:2)
  2 ball pythons
  4 giant newts
  7 kobolds
  17 rats
109 creatures vanquished.

Notes
Turn   | Place    | Note
--------------------------------------------------------------
     0 | D:1      | JacquesDerrida, the Merfolk Gladiator, began the quest for the Orb.
     0 | D:1      | Reached XP level 1. HP: 17/17 MP: 0/0
    85 | D:1      | Reached skill level 5 in Polearms
    93 | D:1      | Reached XP level 2. HP: 23/23 MP: 1/1
   746 | D:2      | Reached skill level 6 in Polearms
   746 | D:2      | Reached XP level 3. HP: 23/28 MP: 2/2
  1005 | D:2      | Reached XP level 4. HP: 35/35 MP: 3/3
  1027 | D:2      | Reached skill level 7 in Polearms
  1882 | D:3      | Reached skill level 8 in Polearms
  1909 | D:3      | Reached XP level 5. HP: 37/40 MP: 4/4
  2046 | D:3      | Found an ancient bone altar of Kikubaaqudgha.
  2109 | D:3      | Noticed Crazy Yiuf
  2129 | D:3      | Killed Crazy Yiuf
  2422 | D:4      | Noticed Pikel
  2422 | D:4      | Noticed a slave
  2423 | D:4      | Noticed a slave
  2532 | D:4      | Noticed a slave
  2532 | D:4      | Noticed a slave
  2552 | D:3      | Killed a slave
  2648 | D:3      | Gained mutation: You are robust (+10% HP). [potion of mutation]
  2648 | D:3      | Gained mutation: Your body is slowly deteriorating. [potion of mutation]
  2648 | D:3      | Gained mutation: You are very robust (+20% HP). [potion of mutation]
  2649 | D:3      | Paralysed by a potion of paralysis for 2 turns
  2948 | D:3      | Reached skill level 9 in Polearms
  3136 | D:3      | Killed a slave
  3155 | D:3      | Killed a slave
  3658 | D:4      | Noticed an ice beast
  3673 | D:4      | Killed an ice beast
  3673 | D:4      | Reached XP level 6. HP: 55/55 MP: 5/5
  4059 | D:4      | Reached skill level 10 in Polearms
  4389 | D:5      | Entered Level 5 of the Dungeon
  4389 | D:5      | Noticed DasRunzen's ghost (average DjFE)
  4409 | D:5      | Killed DasRunzen's ghost
  4409 | D:5      | Reached skill level 11 in Polearms
  4409 | D:5      | Reached XP level 7. HP: 53/61 MP: 6/6
  4591 | D:5      | Found a staircase to the Ecumenical Temple.
  4610 | Temple   | Entered the Ecumenical Temple
  5069 | D:5      | HP: 1/61 [centaur (6)]
  5069 | D:5      | Slain by a jelly

Action                   |  1- 3 |  4- 6 |  7- 9 || total
-------------------------+-------+-------+-------++-------
Melee: Trident           |   102 |   256 |    68 ||   426
 Fire: Blowgun           |       |    33 |     6 ||    39
Throw: Throwing net      |       |     4 |       ||     4
  Use: Scroll            |       |     9 |     2 ||    11
       Potion            |       |     7 |     2 ||     9
 Stab: Sleeping          |       |     3 |       ||     3
       Invisible         |       |     6 |       ||     6
